ESL (28 & UNDER)
KINGSTON IGUANAS @ BUTLER WHITE SOX
09/19/2028
 
TOP OF THE 1ST
Kingston Iguanas batting - Pitching for Butler White Sox : RHP Wilson Yoxall
Pitching: RHP Wilson Yoxall
Batting: RHB Manuel Gómez 0-0: Called Strike
0-1: Called Strike
0-2: Ball
1-2: Strikes out looking
Batting: RHB Francisco Martínez 0-0: Ground out 6-3 (Groundball, 4M)
Batting: LHB Dusty Wilson 0-0: Ball
1-0: Foul Ball, location: 2F
1-1: Swinging Strike
1-2: Ball
2-2: Foul Ball, location: 2F
2-2: SINGLE (Line Drive, 89S)
Batting: LHB Jon Quinn 0-0: Swinging Strike
0-1: Ball
1-1: Foul Ball, location: 2F
1-2: Strikes out looking
Top of the 1st over - 0 run(s), 1 hit(s), 0 error(s), 1 left on base; Kingston 0 - Butler 0
BOTTOM OF THE 1ST
Butler White Sox batting - Pitching for Kingston Iguanas : LHP Nick Clayton
Pitching: LHP Nick Clayton
Batting: LHB Kyle Robbins 0-0: Ball
1-0: Ball
2-0: Called Strike
2-1: Ball
3-1: Ground out 6-3 (Groundball, 6)
Batting: RHB Luis Fuentes 0-0: Ball
1-0: SINGLE (Line Drive, 34)
Batting: RHB Bobby Murdock 0-0: Ball
1-0: Foul Ball, location: 2F
1-1: Ball
2-1: Fly out, F9 (Flyball, 89S)
Batting: LHB Denny Allen 0-0: Ball
Luis Fuentes is caught stealing 2nd base
Bottom of the 1st over - 0 run(s), 1 hit(s), 0 error(s), 0 left on base; Kingston 0 - Butler 0
TOP OF THE 2ND
Kingston Iguanas batting - Pitching for Butler White Sox : RHP Wilson Yoxall
Batting: RHB Tommy Davenport 0-0: Foul Ball, location: 2F
0-1: Fly out, F4 (Line Drive, 4)
Batting: SHB Devin Smith 0-0: Ball
1-0: Ball
2-0: Called Strike
2-1: SINGLE (Line Drive, 6D)
Batting: RHB Sergio Mata 0-0: Called Strike
0-1: Called Strike
Devin Smith is caught stealing 2nd base
0-2: Ball
1-2: Strikes out swinging
Top of the 2nd over - 0 run(s), 1 hit(s), 0 error(s), 0 left on base; Kingston 0 - Butler 0
BOTTOM OF THE 2ND
Butler White Sox batting - Pitching for Kingston Iguanas : LHP Nick Clayton
Batting: LHB Denny Allen 0-0: Foul Ball, location: 2F
0-1: Called Strike
0-2: Ball
1-2: Reached on error, E3 (Groundball, 34)
Batting: RHB Tom Lang 0-0: Ball
1-0: Ball
2-0: Called Strike
2-1: Called Strike
2-2: Foul Ball, location: 2F
2-2: Ball
3-2: 2-RUN HOME RUN (Flyball, 7D), Distance : 345 ft
Batting: LHB Thomas Dixon 0-0: Called Strike
0-1: Ball
1-1: Ball
2-1: Called Strike
2-2: Strikes out swinging
Batting: LHB Josh Pérez 0-0: Ball
1-0: Called Strike
1-1: Called Strike
1-2: Ball
2-2: Fly out, F8 (Flyball, 8LXD)
Batting: RHB Jerry Moore 0-0: Foul Ball, location: 2F
0-1: Fly out, F4 (Line Drive, 34D)
Bottom of the 2nd over - 2 run(s), 1 hit(s), 1 error(s), 0 left on base; Kingston 0 - Butler 2
TOP OF THE 3RD
Kingston Iguanas batting - Pitching for Butler White Sox : RHP Wilson Yoxall
Batting: RHB Bob Lee 0-0: Called Strike
0-1: Fly out, F8 (Flyball, 8LM)
Batting: SHB John Beach 0-0: Ball
1-0: Foul Ball, location: 2F
1-1: Swinging Strike
1-2: Ball
2-2: Ball
3-2: Foul Ball, location: 2F
3-2: SINGLE (Line Drive, 7S)
Batting: RHB Manuel Gómez 0-0: Ball
1-0: Called Strike
1-1: Swinging Strike
1-2: Foul Ball, location: 2F
1-2: Strikes out swinging
Batting: RHB Francisco Martínez 0-0: Ball
1-0: Called Strike
1-1: Ball
2-1: Called Strike
2-2: Foul Ball, location: 2F
2-2: Fly out, F8 (Flyball, 8RM)
Top of the 3rd over - 0 run(s), 1 hit(s), 0 error(s), 1 left on base; Kingston 0 - Butler 2
BOTTOM OF THE 3RD
Butler White Sox batting - Pitching for Kingston Iguanas : LHP Nick Clayton
Batting: RHB Steve Clifton 0-0: Fly out, F9 (Line Drive, 9)
Batting: LHB Kyle Robbins 0-0: Foul Ball, location: 2F
0-1: Ball
1-1: Ball
2-1: Fly out, F7 (Flyball, 7LS)
Batting: RHB Luis Fuentes 0-0: Fly out, F8 (Line Drive, 8LD)
Bottom of the 3rd over - 0 run(s), 0 hit(s), 0 error(s), 0 left on base; Kingston 0 - Butler 2
TOP OF THE 4TH
Kingston Iguanas batting - Pitching for Butler White Sox : RHP Wilson Yoxall
Batting: LHB Dusty Wilson 0-0: Ball
1-0: Ball
2-0: Ball
3-0: Called Strike
3-1: Foul Ball, location: 2F
3-2: Fly out, F6 (Line Drive, 6)
Batting: LHB Jon Quinn 0-0: Called Strike
0-1: Ball
1-1: Foul Ball, location: 2F
1-2: Ball
2-2: Ball
3-2: Fly out, F8 (Flyball, 89M)
Batting: RHB Tommy Davenport 0-0: Ball
1-0: Ball
2-0: Ball
3-0: Called Strike
3-1: Swinging Strike
3-2: Foul Ball, location: 2F
3-2: Fly out, F9 (Flyball, 9LSF)
Top of the 4th over - 0 run(s), 0 hit(s), 0 error(s), 0 left on base; Kingston 0 - Butler 2
BOTTOM OF THE 4TH
Butler White Sox batting - Pitching for Kingston Iguanas : LHP Nick Clayton
Batting: RHB Bobby Murdock 0-0: Ball
1-0: Ball
2-0: Ball
3-0: Base on Balls
Batting: LHB Denny Allen 0-0: Grounds into double play, 4-6-3 (Groundball, 34)
Batting: RHB Tom Lang 0-0: Called Strike
0-1: Ball
1-1: Ball
2-1: Ball
3-1: Foul Ball, location: 2F
3-2: Foul Ball, location: 2F
3-2: Base on Balls
Batting: LHB Thomas Dixon 0-0: Swinging Strike
0-1: Ball
1-1: Called Strike
1-2: Strikes out looking
Bottom of the 4th over - 0 run(s), 0 hit(s), 0 error(s), 1 left on base; Kingston 0 - Butler 2
TOP OF THE 5TH
Kingston Iguanas batting - Pitching for Butler White Sox : RHP Wilson Yoxall
Batting: SHB Devin Smith 0-0: Ball
1-0: Foul Ball, location: 2F
1-1: Called Strike
1-2: Ball
2-2: Ball
3-2: Ground out 4-3 (Groundball, 4)
Batting: RHB Sergio Mata 0-0: Ball
1-0: Ball
2-0: Called Strike
2-1: SINGLE (Line Drive, 4MD)
Batting: RHB Bob Lee 0-0: Ground out U3 (Groundball, 3S)
Sergio Mata to second
Batting: SHB John Beach 0-0: Ball
1-0: Called Strike
1-1: Ball
2-1: Ball
3-1: Base on Balls
Batting: RHB Manuel Gómez 0-0: SINGLE (Line Drive, 6)
Sergio Mata to third
John Beach to second
Runner from 3rd tries for Home, SAFE, no throw
Batting: RHB Francisco Martínez 0-0: Ball
1-0: Called Strike
1-1: Foul Ball, location: 2F
1-2: Fly out, F8 (Flyball, 8RM)
Top of the 5th over - 1 run(s), 2 hit(s), 0 error(s), 2 left on base; Kingston 1 - Butler 2
BOTTOM OF THE 5TH
Butler White Sox batting - Pitching for Kingston Iguanas : LHP Nick Clayton
Batting: LHB Josh Pérez 0-0: Called Strike
0-1: Ball
1-1: Swinging Strike
1-2: Strikes out swinging
Batting: RHB Jerry Moore 0-0: Ball
1-0: Ground out 1-3 (Groundball, 13S)
Batting: RHB Steve Clifton 0-0: Called Strike
0-1: Fly out, F6 (Line Drive, 6M)
Bottom of the 5th over - 0 run(s), 0 hit(s), 0 error(s), 0 left on base; Kingston 1 - Butler 2
TOP OF THE 6TH
Kingston Iguanas batting - Pitching for Butler White Sox : RHP Wilson Yoxall
Batting: LHB Dusty Wilson 0-0: Fly out, F9 (Flyball, 9LDF)
Batting: LHB Jon Quinn 0-0: Called Strike
0-1: Called Strike
0-2: Foul Ball, location: 2F
0-2: Strikes out swinging
Batting: RHB Tommy Davenport 0-0: Called Strike
0-1: Ball
1-1: Ball
2-1: Ball
3-1: Base on Balls
Pitching: RHP Carlos Olmedo
Batting: SHB Devin Smith 0-0: Ball
1-0: Ball
2-0: Called Strike
2-1: Foul Ball, location: 2F
2-2: Ball
3-2: Base on Balls
Tommy Davenport to second
Batting: RHB Sergio Mata 0-0: SINGLE (Line Drive, 9S)
Tommy Davenport to third
Devin Smith to second
Batting: RHB Bob Lee 0-0: Called Strike
0-1: Called Strike
0-2: Strikes out swinging
Top of the 6th over - 0 run(s), 1 hit(s), 0 error(s), 3 left on base; Kingston 1 - Butler 2
BOTTOM OF THE 6TH
Butler White Sox batting - Pitching for Kingston Iguanas : LHP Nick Clayton
Batting: LHB Kyle Robbins 0-0: Ball
1-0: Called Strike
1-1: Ball
2-1: Ball
3-1: Base on Balls
Batting: RHB Luis Fuentes 0-0: Ball
1-0: Called Strike
1-1: Ball
2-1: SINGLE (Groundball, 56D)
Kyle Robbins to second
Batting: RHB Bobby Murdock 0-0: Foul Ball, location: 2F
0-1: Swinging Strike
0-2: Ball
1-2: Foul Ball, location: 2F
1-2: Strikes out looking
Batting: LHB Denny Allen 0-0: Called Strike
0-1: Foul Ball, location: 2F
0-2: Ball
1-2: Foul Ball, location: 2F
1-2: SINGLE (Line Drive, 8LS)
Kyle Robbins to third
Luis Fuentes to second
Runner from 3rd tries for Home, SAFE, no throw
Batting: RHB Tom Lang 0-0: Ball
1-0: Foul Ball, location: 2F
1-1: Ball
2-1: SINGLE (Groundball, 34D)
Luis Fuentes to third
Denny Allen to second
Runner from 3rd tries for Home, SAFE, no throw
Batting: LHB Thomas Dixon 0-0: DOUBLE (Flyball, 9LM)
Denny Allen scores
Tom Lang to third
Pitching: LHP Jeff Minnich
Batting: LHB Josh Pérez 0-0: Ball
1-0: Ball
2-0: Ball
3-0: Base on Balls
Batting: RHB Jerry Moore 0-0: Foul Ball, location: 2F
0-1: Foul Ball, location: 2F
0-2: Ball
1-2: Foul Ball, location: 2F
1-2: Ball
2-2: Foul Ball, location: 2F
2-2: Strikes out swinging
Batting: RHB Steve Clifton 0-0: Called Strike
0-1: Ball
1-1: TRIPLE (Line Drive, 78M)
Tom Lang scores
Thomas Dixon scores
Josh Pérez scores
Batting: LHB Kyle Robbins 0-0: Called Strike
0-1: Swinging Strike
0-2: Strikes out swinging
Bottom of the 6th over - 6 run(s), 5 hit(s), 0 error(s), 1 left on base; Kingston 1 - Butler 8
TOP OF THE 7TH
Kingston Iguanas batting - Pitching for Butler White Sox : RHP Carlos Olmedo
Batting: SHB John Beach 0-0: Swinging Strike
0-1: Foul Ball, location: 2F
0-2: Ball
1-2: Strikes out swinging
Batting: RHB Manuel Gómez 0-0: Ball
1-0: Ball
2-0: Foul Ball, location: 2F
2-1: Ball
3-1: Called Strike
3-2: Base on Balls
Batting: RHB Francisco Martínez 0-0: Called Strike
Manuel Gómez steals 2nd base
0-1: Ball
1-1: Called Strike
1-2: Strikes out swinging
Batting: LHB Dusty Wilson 0-0: Called Strike
0-1: Called Strike
0-2: Ball
1-2: Strikes out swinging
Top of the 7th over - 0 run(s), 0 hit(s), 0 error(s), 1 left on base; Kingston 1 - Butler 8
BOTTOM OF THE 7TH
Butler White Sox batting - Pitching for Kingston Iguanas : LHP Jeff Minnich
Batting: RHB Luis Fuentes 0-0: Fly out, F8 (Flyball, 8RM)
Batting: RHB Bobby Murdock 0-0: Ground out 6-3 (Groundball, 6)
Batting: LHB Denny Allen 0-0: Ground out 1-3 (Groundball, P)
Bottom of the 7th over - 0 run(s), 0 hit(s), 0 error(s), 0 left on base; Kingston 1 - Butler 8
TOP OF THE 8TH
Kingston Iguanas batting - Pitching for Butler White Sox : RHP Carlos Olmedo
Now at 2B: Tomás Escobar
Batting: LHB Jon Quinn 0-0: Ball
1-0: Swinging Strike
1-1: Ball
2-1: Swinging Strike
2-2: Strikes out looking
Batting: RHB Tommy Davenport 0-0: Ball
1-0: Ball
2-0: Ball
3-0: Called Strike
3-1: Base on Balls
Batting: SHB Devin Smith 0-0: Foul Ball, location: 2F
0-1: Ball
1-1: Ball
2-1: Called Strike
2-2: Single, Error in OF, E8, batter to second base
Tommy Davenport to third
Batting: RHB Sergio Mata 0-0: Swinging Strike
0-1: Ball
1-1: Ball
2-1: Ground out 4-3 (Groundball, 4)
Tommy Davenport scores
Devin Smith to third
Batting: RHB Bob Lee 0-0: Ball
1-0: Ball
2-0: Foul Ball, location: 2F
2-1: Ball
3-1: Base on Balls
Batting: SHB John Beach 0-0: Called Strike
0-1: Fly out, F6 (Popup, 6)
Top of the 8th over - 1 run(s), 1 hit(s), 1 error(s), 2 left on base; Kingston 2 - Butler 8
BOTTOM OF THE 8TH
Butler White Sox batting - Pitching for Kingston Iguanas : LHP Jeff Minnich
Batting: RHB Tom Lang 0-0: Foul Ball, location: 2F
0-1: Ball
1-1: Ball
2-1: TRIPLE (Line Drive, 89M)
Batting: LHB Thomas Dixon 0-0: Ball
1-0: Ball
2-0: Fly out, F7 (Flyball, 78M)
Runner from 3rd tags up, SCORES, throw made
Now in LF: Mike Godfrey
Batting: LHB Josh Pérez 0-0: Ball
1-0: Called Strike
1-1: Foul Ball, location: 2F
1-2: Foul Ball, location: 2F
1-2: Ball
2-2: Ground out 4-3 (Groundball, 4)
Batting: RHB Jerry Moore 0-0: Ball
1-0: Called Strike
1-1: Ball
2-1: Ground out 4-3 (Groundball, 4)
Bottom of the 8th over - 1 run(s), 1 hit(s), 0 error(s), 0 left on base; Kingston 2 - Butler 9
TOP OF THE 9TH
Kingston Iguanas batting - Pitching for Butler White Sox : RHP Carlos Olmedo
Pitching: RHP Steve Newman
Now at 3B: Júlio Hernández
Batting: RHB Manuel Gómez 0-0: Swinging Strike
0-1: Ball
1-1: Foul Ball, location: 2F
1-2: DOUBLE (Line Drive, 7)
Pinch Runner at 2nd Júlio Valentín:
Batting: RHB Francisco Martínez 0-0: Called Strike
0-1: Ball
1-1: 2-RUN HOME RUN (Flyball, 9D), Distance : 373 ft
Batting: LHB Dusty Wilson 0-0: Called Strike
0-1: Foul Ball, location: 2F
0-2: Ball
1-2: Ball
2-2: Strikes out looking
Batting: LHB Jon Quinn 0-0: Ball
1-0: Foul Ball, location: 2F
1-1: Swinging Strike
1-2: Fly out, F9 (Flyball, 9D)
Batting: LHB Mike Godfrey 0-0: Called Strike
0-1: Ball
1-1: Fly out, F8 (Flyball, 8RM)
Top of the 9th over - 2 run(s), 2 hit(s), 0 error(s), 0 left on base; Kingston 4 - Butler 9
Tuesday, August 8th, 2017 - OOTP Baseball 17.12 Build 75